 Dungeon Crawl Stone Soup version 0.14-a0-1761-gdbd231b (webtiles) character file.

1209 PolkaDot the Grappler (level 8, -7/70 (71) HPs)
             Began as a Ghoul Monk on Jan 4, 2014.
             Was a Believer of Kikubaaqudgha.
             Mangled by an orc warrior
             ... wielding a -1,+1 orcish glaive
              (8 damage)
             ... on Level 5 of the Dungeon.
             The game lasted 00:16:28 (3385 turns).

PolkaDot the Grappler (Ghoul Monk)                  Turns: 3385, Time: 00:16:29

HP  -7/70 (71)   AC  2     Str 15      XL: 8   Next: 14%
MP   6/6         EV 13     Int 10      God: Kikubaaqudgha [**....]
Gold 252         SH  0     Dex 13      Spells:  0 memorised,  7 levels left

rFire  + . .     SeeInvis .       - Unarmed
rCold  + + .     Clarity  .     a - +0 robe
rNeg   + + +     Conserve .     (no shield)
rPois  +         rCorr    .     (no helmet)
rElec  +         rRot     +     (no cloak)
SustAb . .       Spirit   .     (no gloves)
rMut   .         Warding  .     (no boots)
Saprov + + +     Stasis   .     (no amulet)
                                t - cursed ring of hunger {unknown}
                                E - +5 ring of intelligence

@: rotting, slightly resistant to hostile enchantments, fairly stealthy
A: rotting body, claws 1, carnivore 3, cold resistance 1, life protection 3,
poison resistance, saprovore 3, slow healing 1, torment resistance, unbreathing
a: Receive Corpses, Renounce Religion


You were on level 5 of the Dungeon.
You worshipped Kikubaaqudgha.
Kikubaaqudgha was pleased with you.
You were not hungry.

You visited 1 branch of the dungeon, and saw 5 of its levels.

You collected 252 gold pieces.

Inventory:

Armour
 a - a +0 robe (worn)
 m - a +0 scale mail
Comestibles
 p - a beef jerky
 s - 5 meat rations
Scrolls
 b - a scroll of teleportation {unknown}
 c - a scroll of amnesia {unknown}
 d - 10 scrolls of identify {unknown}
 e - a scroll of fog {unknown}
 f - 3 scrolls of remove curse {unknown}
 g - a scroll of curse weapon {unknown}
 h - a scroll of blinking {unknown}
 j - a scroll of curse jewellery {unknown}
 l - a scroll of enchant armour {unknown}
 o - a scroll of immolation {unknown}
 r - 2 scrolls of curse armour {unknown}
 u - a scroll of noise {unknown}
Jewellery
 t - a cursed ring of hunger (right claw) {unknown}
 E - a +5 ring of intelligence (left claw)
Potions
 q - a potion of lignification
Books
 y - Kikubaaqudgha's Compendium of Stolen Souls {god gift}
   (Kikubaaqudgha gifted it to you on level 4 of the Dungeon)

   Spells                             Type                      Level
   Pain                               Necromancy                   1
   Corpse Rot                         Necromancy                   2
   Sublimation of Blood               Necromancy                   2
   Regeneration                       Charms/Necromancy            3
   Control Undead                     Necromancy                   4


   Skills:
 + Level 6.5 Fighting
 - Level 2.6 Dodging
 - Level 2.1 Stealth
 * Level 9.3 Unarmed Combat


You had 7 spell levels left.
You didn't know any spells.

Dungeon Overview and Level Annotations

Branches:
Dungeon (5/16)
 Temple: D:4-7

Altars:
Elyvilon
Kikubaaqudgha
Okawaru
Zin
the Shining One


Innate Abilities, Weirdness & Mutations

Your body is rotting away.
You have sharp fingernails.
You are carnivorous and can eat meat at any time.
Your flesh is cold resistant.
You are immune to negative energy.
Your system is resistant to poisons.
You thrive on rotten meat.
You heal slowly when monsters are visible.
You are immune to unholy pain and torment.
You can survive without breathing.


Message History

The orc warrior hits you with an orcish glaive!
* * * LOW HITPOINT WARNING * * *
You closely miss the orc warrior.
The orc warrior hits you with an orcish glaive!
* * * LOW HITPOINT WARNING * * *
Drink which item? (? for menu, Esc to quit)
You feel better.
Drink which item? (? for menu, Esc to quit)
You feel better.
The orc warrior hits you with an orcish glaive!
* * * LOW HITPOINT WARNING * * *
Drink which item? (? for menu, Esc to quit)
You feel refreshed.
It was a potion of restore abilities.
The orc warrior misses you.
Drink which item? (? for menu, Esc to quit)
You feel protected.
It was a potion of resistance.
The orc warrior hits you with an orcish glaive!
You die...
Kikubaaqudgha rasps: "You have failed me!
Welcome... oblivion!"

##.#.##.≈≈.##.#
#.##.##.≈≈.##.#
#.###.#.≈≈.#8.#
#.###.#.≈≈.#).#
##.#.##.≈≈.##.#
##.###.≈≈.##.#
##.## #.≈≈.##.#
.#.#.## #.≈≈.#8o#
..###.## #.≈≈.#?@#
...###.# #.≈≈.##.#
...# #.# #.≈≈.##.#
... ##.###.≈≈.##.#
...##.#.##.≈≈.#8.#
#.##.###.#))≈.#).#
....####.#.≈≈.##'#
#.#####.##)≈≈.'..#
...#(#.###.≈≈.#..#


You could see an orc warrior.

Vanquished Creatures
  Prince Ribbit (D:4)
  A phantom (D:5)
  A centaur (D:5)
  A crimson imp (D:4)
  2 hounds
  A big fish (D:2)
  An iguana (D:4)
  An orc priest (D:3)
  A worker ant (D:4)
  5 orc wizards
  Terence (D:3)
  A hound skeleton (D:4)
  6 gnolls
  7 adders
  A white imp (D:4)
  A worm (D:2)
  An iguana skeleton (D:5)
  A giant eyeball (D:4)
  2 oozes
  10 orcs
  12 bats
  5 giant cockroaches
  11 goblins
  12 hobgoblins
  14 kobolds
  2 quokkas
  2 ball pythons
  A ball python skeleton (D:4)
  A giant gecko (D:3)
  4 giant newts
  10 jackals
  9 rats
129 creatures vanquished.

Vanquished Creatures (others)
  2 gnolls (D:2)
2 creatures vanquished.

Grand Total: 131 creatures vanquished

Notes
Turn   | Place    | Note
--------------------------------------------------------------
     0 | D:1      | PolkaDot, the Ghoul Monk, began the quest for the Orb.
     0 | D:1      | Reached XP level 1. HP: 19/19 MP: 1/1
    53 | D:1      | Reached XP level 2. HP: 12/26 MP: 2/2
   699 | D:1      | Reached skill level 5 in Unarmed Combat
   699 | D:1      | Reached XP level 3. HP: 30/33 MP: 3/3
  1001 | D:2      | Found a white marble altar of Elyvilon.
  1032 | D:2      | Reached XP level 4. HP: 37/40 MP: 3/3
  1432 | D:2      | Found a glowing golden altar of the Shining One.
  1442 | D:2      | Reached skill level 6 in Unarmed Combat
  1664 | D:3      | Reached XP level 5. HP: 10/46 MP: 4/4
  1729 | D:3      | Noticed Terence
  1741 | D:3      | Killed Terence
  2068 | D:3      | Reached XP level 6. HP: 36/53 MP: 5/5
  2080 | D:3      | Reached skill level 7 in Unarmed Combat
  2204 | D:3      | Reached skill level 5 in Fighting
  2525 | D:4      | Found an ancient bone altar of Kikubaaqudgha.
  2559 | D:4      | Became a worshipper of Kikubaaqudgha
  2559 | D:4      | Acquired Kikubaaqudgha's first power
  2559 | D:4      | Received a gift from Kikubaaqudgha
  2559 | D:4      | Acquired Kikubaaqudgha's second power
  2560 | D:4      | Identified Kikubaaqudgha's Compendium of Stolen Souls {god gift} (Kikubaaqudgha gifted it to you on level 4 of the Dungeon)
  2670 | D:4      | Reached XP level 7. HP: 52/61 MP: 5/5
  2793 | D:4      | Found an iron altar of Okawaru.
  2793 | D:4      | Found a glowing silver altar of Zin.
  2814 | D:4      | Noticed Prince Ribbit
  2828 | D:4      | Killed Prince Ribbit
  2828 | D:4      | Reached skill level 8 in Unarmed Combat
  3125 | D:5      | Entered Level 5 of the Dungeon
  3296 | D:5      | Reached skill level 9 in Unarmed Combat
  3296 | D:5      | Reached XP level 8. HP: 28/71 MP: 6/6
  3383 | D:5      | HP: 1/70 [orc warrior/orcish glaive (19)]
  3385 | D:5      | Mangled by an orc warrior

Action                   |  1- 3 |  4- 6 |  7- 9 || total
-------------------------+-------+-------+-------++-------
Melee: Unarmed           |   112 |   228 |    75 ||   415
  Use: Potion            |     3 |     2 |     4 ||     9
 Stab: Sleeping          |     3 |     2 |     2 ||     7
